 Dungeon Crawl Stone Soup version 0.26-a0-737-g4e9f4955e2 (webtiles) character file.

Game seed: 13107641745346075044

35154 Gargoyl the Fighter (level 13, 0/104 HPs)
             Began as a Gnoll Abyssal Knight on Nov 4, 2020.
             Was a High Priest of Lugonu.
             Slain by a komodo dragon (19 damage)
             ... on level 5 of the Lair of Beasts.
             The game lasted 00:19:59 (19684 turns).

Gargoyl the Fighter (Gnoll Abyssal Knight)         Turns: 19684, Time: 00:19:59

Health: 0/104      AC: 22    Str: 26    XL:     13   Next: 82%
Magic:  0/25       EV: 14    Int: 15    God:    Lugonu [*****.]
Gold:   791        SH:  0    Dex: 14    Spells: 29/29 levels left

rFire    . . .     SeeInvis .   B - +3 battleaxe (elec)
rCold    . . .     Faith    .   (shield currently unavailable)
rNeg     . . .     Spirit   +   m - +4 chain mail
rPois    +         Reflect  .   (no helmet)
rElec    .         Harm     .   c - +2 cloak
rCorr    .         Rampage  .   i - +2 pair of gloves
MR       .....                  (no boots)
Stlth    +.........             F - amulet of guardian spirit
HPRegen  0.27/turn              f - +6 ring of strength
MPRegen  0.19/turn              y - ring of poison resistance

@: no status effects
A: distributed training, fangs 1, strong nose
a: Depart the Abyss, Bend Space, Banish, Corrupt, Enter the Abyss, Renounce
Religion


You were on level 5 of the Lair of Beasts.
You worshipped Lugonu.
Lugonu was extremely pleased with you.
You visited 2 branches of the dungeon, and saw 14 of its levels.
You visited the Abyss 1 time.

You collected 791 gold pieces.

Inventory:

Hand Weapons
 a - a +3 scimitar of flaming
 d - a +2 mace of venom
 z - a +2 war axe of freezing
 B - a +3 battleaxe of electrocution (weapon)
 H - a +0 executioner's axe
Missiles
 x - 37 poisoned darts (quivered)
Armour
 c - a +2 cloak (worn)
 i - a +2 pair of gloves (worn)
 m - a +4 chain mail (worn)
Jewellery
 f - a +6 ring of strength (left hand)
 j - an uncursed amulet of magic regeneration
 l - an uncursed ring of magical power {unknown}
 p - an uncursed ring of see invisible
 s - the ring "Pippeudd" {rF+ AC+4}
   (You found it on level 7 of the Dungeon)

   [ring of protection]

   It affects your AC (+4).
   It protects you from fire.
 y - a ring of poison resistance (right hand)
 F - an amulet of guardian spirit (around neck)
 I - an uncursed ring of resist corrosion
Wands
 n - a wand of iceblast (16)
 q - a wand of flame (21)
 t - a wand of digging (8)
 u - a wand of acid (4)
 w - a wand of random effects (67)
 A - a wand of polymorph (10)
 C - a wand of disintegration (15)
Scrolls
 b - 10 scrolls of remove curse
 g - 2 scrolls of identify
 k - a scroll of enchant armour
 G - 2 scrolls of blinking
 K - 2 scrolls of teleportation
Potions
 e - 2 potions of magic
 h - 6 potions of curing
 o - 2 potions of might
 r - 2 potions of stabbing
 v - 3 potions of brilliance
 D - a potion of haste
 E - a potion of resistance
 L - a potion of flight


   Skills:
 + Level 10.7 Fighting
 + Level 8.6 Short Blades
 + Level 8.6 Long Blades
 + Level 9.8 Axes
 + Level 8.6 Maces & Flails
 + Level 8.6 Polearms
 + Level 8.6 Staves
 + Level 8.6 Slings
 + Level 8.6 Bows
 + Level 8.6 Crossbows
 + Level 8.6 Throwing
 + Level 9.8 Armour
 + Level 9.0 Dodging
 + Level 8.6 Stealth
 + Level 8.6 Shields
 + Level 8.6 Unarmed Combat
 + Level 8.6 Spellcasting
 + Level 7.2 Conjurations
 + Level 7.2 Hexes
 + Level 7.2 Summonings
 + Level 7.2 Necromancy
 + Level 7.2 Translocations
 + Level 7.2 Transmutations
 + Level 7.2 Fire Magic
 + Level 7.2 Ice Magic
 + Level 7.2 Air Magic
 + Level 7.2 Earth Magic
 + Level 7.2 Poison Magic
 + Level 10.4 Invocations
 + Level 8.6 Evocations


You had 29 spell levels left.
You didn't know any spells.
Your spell library contained the following spells:

 Spells                   Type           Power        Failure   Level
 Freeze                   Ice            ####         2%          1
 Frozen Ramparts          Ice            ####..       9%          3
 Ozocubu's Armour         Ice            ####....     9%          3
 Hailstorm                Conj/Ice       ####....     26%         4
 Summon Ice Beast         Ice/Summ       ####....     26%         4


Dungeon Overview and Level Annotations

Branches:
Dungeon (9/15)             Temple (0/1) D:6            Lair (5/6) D:9
  Swamp (0/4) Lair:3       Spider (0/4) Lair:4
  Slime: Lair:5-6       Orc: D:9-12

Altars:
The Shining One

Annotations:
Abyss:1 Urug


Innate Abilities, Weirdness & Mutations

Your experience applies equally to all skills.
You have very sharp teeth.
Your uncanny sense of smell can sniff out nearby items.


Message History

The komodo dragon bites you!!
* * * LOW HITPOINT WARNING * * *
You barely miss the komodo dragon.
The komodo dragon is moderately wounded.
You slash the yak!
You kill the yak!
Lugonu accepts your kill.
You slash the hell rat! You hit the yak. Lightning courses through the yak!
You kill the yak!
Lugonu accepts your kill. The hell rat misses you. The komodo dragon bites you!
* * * LOW HITPOINT WARNING * * *
The hell rat bites you but does no damage.
You hit the komodo dragon.
The komodo dragon is moderately wounded.
You slash the hell rat! Lightning courses through the hell rat!
You kill the hell rat!
Lugonu accepts your kill. The komodo dragon bites you!!
You die...

## .# ## ## ##### #### ####..
.#####.#.####..#####...P..
..##.#..##.#.<..#..#......
.................P.......
................††...#.
...........#...†@<...#
................l†#..# ..
....P...........#...####..
...........P.........#....
................................
................................
...............................
. ......................P.......
..
.......l....................##.#


You could see a komodo dragon.

Vanquished Creatures
  Josephine (Lair:4)
  A boulder beetle (Lair:4)
  8 hydras
  Erica (D:8)
  A two-headed ogre (D:9)
  Pikel (D:8)
  A manticore (Lair:5)
  An elephant (Lair:5)
  4 black mambas
  Joseph (D:8)
  Psyche (D:9)
  10 cane toads
  Maggie (D:6)
  5 rime drakes
  7 komodo dragons
  2 polar bears
  2 tyrant leeches (Lair:3)
  9 blink frogs
  4 wraiths (Lair:4)
  6 wyverns
  39 yaks
  5 basilisks
  A steam dragon (Lair:4)
  Edmund (D:6)
  7 water moccasins
  Duvessa (D:5)
  An ice beast (D:6)
  2 phantoms
  A black bear (D:8)
  2 centaurs
  3 wolves (Lair:4)
  4 ogres
  Blork the orc (D:5)
  2 big kobolds
  15 bullfrogs
  Dowan (D:5)
  2 scorpions
  8 killer bees (D:9)
  11 wights (D:8)
  3 howler monkeys
  2 bullfrog zombies
  A centaur skeleton (D:5)
  A jelly (D:9)
  A bullfrog skeleton (D:5)
  6 orc priests
  Crazy Yiuf (D:5)
  2 hounds
  2 orc wizards (D:7)
  A gnoll shaman (D:9)
  5 iguanas
  7 hell rats
  8 worker ants
  A hound zombie (D:6)
  13 gnolls
  10 adders
  A shadow imp (D:6)
  An ufetubus (D:6)
  2 adder zombies
  An adder skeleton (D:4)
  4 worms
  3 dart slugs
  4 leopard geckos
  24 orcs
  2 ball pythons
  5 giant cockroaches
  8 goblins
  13 hobgoblins
  10 jackals
  A quokka (D:3)
  5 bats
  9 frilled lizards
  A jackal skeleton (D:8)
  13 kobolds
  A leopard gecko skeleton (D:7)
  11 rats
  A bush (D:9)
358 creatures vanquished.

Vanquished Creatures (others)
  34 fungi
  36 plants
70 creatures vanquished.

Grand Total: 428 creatures vanquished

Notes
Turn   | Place    | Note
-------+----------+-------------------------------------------
     0 | Abyss:1  | Gargoyl the Gnoll Abyssal Knight began the quest for the
                  | Orb.
     0 | Abyss:1  | Reached XP level 1. HP: 23/23 MP: 3/3
    30 | Abyss:2  | Noticed a hellwing
    41 | Abyss:2  | Noticed a small abomination
    43 | Abyss:2  | Noticed a hellephant
    59 | D:1      | Escaped the Abyss
   436 | D:1      | Reached XP level 2. HP: 25/29 MP: 5/5
   971 | D:1      | Reached XP level 3. HP: 32/35 MP: 6/6
  1694 | D:1      | Reached * piety under Lugonu
  1938 | D:2      | Reached skill level 1 in Short Blades
  1938 | D:2      | Reached skill level 1 in Long Blades
  1938 | D:2      | Reached skill level 1 in Maces & Flails
  1938 | D:2      | Reached skill level 1 in Polearms
  1938 | D:2      | Reached skill level 1 in Staves
  1938 | D:2      | Reached skill level 1 in Slings
  1938 | D:2      | Reached skill level 1 in Bows
  1938 | D:2      | Reached skill level 1 in Crossbows
  1938 | D:2      | Reached skill level 1 in Throwing
  1938 | D:2      | Reached skill level 1 in Stealth
  1938 | D:2      | Reached skill level 1 in Shields
  1938 | D:2      | Reached skill level 1 in Unarmed Combat
  1938 | D:2      | Reached skill level 1 in Spellcasting
  1938 | D:2      | Reached skill level 1 in Evocations
  1967 | D:2      | Reached XP level 4. HP: 40/41 MP: 7/7
  1994 | D:2      | Found a glowing golden altar of the Shining One.
  2323 | D:2      | Reached skill level 1 in Conjurations
  2323 | D:2      | Reached skill level 1 in Hexes
  2323 | D:2      | Reached skill level 1 in Summonings
  2323 | D:2      | Reached skill level 1 in Necromancy
  2323 | D:2      | Reached skill level 1 in Translocations
  2323 | D:2      | Reached skill level 1 in Transmutations
  2323 | D:2      | Reached skill level 1 in Fire Magic
  2323 | D:2      | Reached skill level 1 in Ice Magic
  2323 | D:2      | Reached skill level 1 in Air Magic
  2323 | D:2      | Reached skill level 1 in Earth Magic
  2323 | D:2      | Reached skill level 1 in Poison Magic
  2718 | D:3      | Reached ** piety under Lugonu
  2729 | D:3      | Reached XP level 5. HP: 43/47 MP: 8/8
  3322 | D:4      | Reached skill level 5 in Invocations
  3322 | D:4      | Reached XP level 6. HP: 38/53 MP: 9/9
  3519 | D:4      | Reached skill level 5 in Axes
  3519 | D:4      | Reached skill level 5 in Armour
  3719 | D:4      | Noticed a phantom
  3771 | D:4      | Killed a phantom
  4043 | D:4      | Reached XP level 7. HP: 45/59 MP: 10/10
  4932 | D:5      | Entered Level 5 of the Dungeon
  5349 | D:5      | Noticed Dowan
  5352 | D:5      | Noticed Duvessa
  5372 | D:5      | Killed Dowan
  5372 | D:5      | Reached XP level 8. HP: 51/67 MP: 12/12
  5382 | D:5      | Killed Duvessa
  5661 | D:5      | Noticed Blork the orc
  5668 | D:5      | Killed Blork the orc
  5849 | D:5      | Reached *** piety under Lugonu
  5948 | D:5      | Found a runed translucent door.
  5949 | D:5      | Noticed Crazy Yiuf
  5958 | D:5      | Killed Crazy Yiuf
  6447 | D:6      | Noticed Maggie
  6447 | D:6      | Noticed Edmund
  6463 | D:6      | Killed Maggie
  6463 | D:6      | Reached XP level 9. HP: 29/72 MP: 14/14
  6465 | D:6      | Killed Edmund
  6468 | D:6      | Found a staircase to the Ecumenical Temple.
  7363 | D:7      | Got a clouded glass ring
  7365 | D:7      | Identified the ring "Pippeudd" {rF+ AC+4} (You found it on
                  | level 7 of the Dungeon)
  7801 | D:7      | Reached skill level 5 in Dodging
  8210 | D:8      | Reached **** piety under Lugonu
  8241 | D:8      | Noticed Erica
  8259 | D:8      | Killed Erica
  8281 | D:8      | Reached XP level 10. HP: 40/80 MP: 17/17
  8657 | D:8      | Noticed Joseph
  8669 | D:8      | Killed Joseph
  8669 | D:8      | Reached skill level 5 in Short Blades
  8669 | D:8      | Reached skill level 5 in Long Blades
  8669 | D:8      | Reached skill level 5 in Maces & Flails
  8669 | D:8      | Reached skill level 5 in Polearms
  8669 | D:8      | Reached skill level 5 in Staves
  8669 | D:8      | Reached skill level 5 in Slings
  8669 | D:8      | Reached skill level 5 in Bows
  8669 | D:8      | Reached skill level 5 in Crossbows
  8669 | D:8      | Reached skill level 5 in Throwing
  8669 | D:8      | Reached skill level 5 in Stealth
  8669 | D:8      | Reached skill level 5 in Shields
  8669 | D:8      | Reached skill level 5 in Unarmed Combat
  8669 | D:8      | Reached skill level 5 in Spellcasting
  8669 | D:8      | Reached skill level 5 in Evocations
  8904 | D:8      | Noticed Pikel
  8917 | D:8      | Killed Pikel
  9464 | D:9      | Noticed Psyche
  9497 | D:9      | Killed Psyche
  9969 | D:9      | Noticed a two-headed ogre
  9976 | D:9      | Killed a two-headed ogre
 10164 | D:9      | Reached XP level 11. HP: 87/87 MP: 19/19
 10367 | D:9      | Found a staircase to the Lair.
 10607 | Lair:1   | Entered Level 1 of the Lair of Beasts
 10765 | Lair:1   | Noticed an eight-headed hydra
 10772 | Lair:1   | Killed a six-headed hydra
 10772 | Lair:1   | Reached skill level 5 in Conjurations
 10772 | Lair:1   | Reached skill level 5 in Hexes
 10772 | Lair:1   | Reached skill level 5 in Summonings
 10772 | Lair:1   | Reached skill level 5 in Necromancy
 10772 | Lair:1   | Reached skill level 5 in Translocations
 10772 | Lair:1   | Reached skill level 5 in Transmutations
 10772 | Lair:1   | Reached skill level 5 in Fire Magic
 10772 | Lair:1   | Reached skill level 5 in Ice Magic
 10772 | Lair:1   | Reached skill level 5 in Air Magic
 10772 | Lair:1   | Reached skill level 5 in Earth Magic
 10772 | Lair:1   | Reached skill level 5 in Poison Magic
 12774 | Lair:2   | Reached ***** piety under Lugonu
 12897 | Lair:2   | Noticed a boulder beetle
 12906 | Lair:2   | Banished a boulder beetle
 13251 | Lair:2   | Got a pitted trident
 13382 | Lair:2   | Identified the cursed +0 trident of Kaluot {flame, rElec
                  | rPois} (You found it on level 2 of the Lair of Beasts)
 13664 | Lair:2   | Reached XP level 12. HP: 89/96 MP: 19/22
 14141 | Lair:3   | Found a frozen archway.
 14500 | Lair:3   | Found a staircase to the Swamp.
 14881 | Lair:3   | Noticed a six-headed hydra
 14887 | Lair:3   | Killed a three-headed hydra
 15916 | Lair:4   | Reached skill level 10 in Fighting
 16092 | Lair:4   | Found a hole to the Spider Nest.
 16114 | Lair:4   | Noticed a six-headed hydra
 16120 | Lair:4   | Killed a two-headed hydra
 16437 | Lair:4   | Found a glowing golden altar of the Shining One.
 16448 | Lair:4   | Noticed a five-headed hydra
 16458 | Lair:4   | Killed a three-headed hydra
 16489 | Lair:4   | Reached XP level 13. HP: 49/103 MP: 15/24
 16698 | Lair:4   | Noticed Josephine
 16701 | Lair:4   | Noticed Urug
 16705 | Lair:4   | Killed Josephine
 16731 | Lair:4   | Banished Urug
 17107 | Lair:4   | Reached skill level 10 in Invocations
 18812 | Lair:4   | HP: 2/104 [hell rat (4)]
 19684 | Lair:5   | Slain by a komodo dragon

Illustrated notes

Levels and vault maps discovered:
D:1:      dpeg_arrival_concentric_ovals, layout_basic, nrook_campfire,
          nrook_mini_vaults, minmay_tripent
D:2:      layout_rooms, lemuel_round_altar
D:3:      layout_basic
D:4:      layout_basic
D:5:      layout_loops_ring, grunt_ministairs_2, minmay_misc_feat_iff,
          uniq_crazy_yiuf_cottage, uniq_blork_the_orc, uniq_duvessa
D:6:      layout_basic, minmay_temple_entry_tees, uniq_edmund, uniq_maggie
D:7:      layout_basic
D:8:      layout_basic, uniq_joseph, uniq_pikel, uniq_erica
D:9:      layout_small_grid, lair_entry_dummy, kb_lookout_dungeons_type,
          minivault_16, uniq_psyche
Lair:1:   layout_loops_ring, grunt_megastairs_3, lemuel_fruit_tree,
          serial_bayou_shore_a, serial_bayou_shore_b
Lair:2:   layout_regular_city
Lair:3:   layout_loops_ring, minmay_swamp_entry_worms,
          portal_ice_cave_entry_pillars_1, grunt_megastairs_2,
          infiniplex_staircase_pool_2, minmay_lair_oklob_chamber
Lair:4:   layout_roguey, dummy_spider_entry, basic_altar, uniq_josephine,
          uniq_urug
Lair:5:   layout_gridlike, dpeg_slime_entry_enclosed_altar, special_room
          [special_room_mythical_zoo], grunt_megastairs_4

Skill      XL: |  1  2  3  4  5  6  7  8  9 10 11 12 13 |
---------------+----------------------------------------+-----
Short Blades   | 1 2 3 4 5 6 7 8 |  8.6
Long Blades    | 1 2 3 4 5 6 7 8 |  8.6
Maces & Flails | 1 2 3 4 5 6 7 8 |  8.6
Polearms       | 1 2 3 4 5 6 7 8 |  8.6
Staves         | 1 2 3 4 5 6 7 8 |  8.6
Slings         | 1 2 3 4 5 6 7 8 |  8.6
Bows           | 1 2 3 4 5 6 7 8 |  8.6
Crossbows      | 1 2 3 4 5 6 7 8 |  8.6
Throwing       | 1 2 3 4 5 6 7 8 |  8.6
Stealth        | 1 2 3 4 5 6 7 8 |  8.6
Shields        | 1 2 3 4 5 6 7 8 |  8.6
Unarmed Combat | 1 2 3 4 5 6 7 8 |  8.6
Spellcasting   | 1 2 3 4 5 6 7 8 |  8.6
Evocations     | 1 2 3 4 5 6 7 8 |  8.6
Conjurations   | 1 2 3 4 5 6 7 |  7.2
Hexes          | 1 2 3 4 5 6 7 |  7.2
Summonings     | 1 2 3 4 5 6 7 |  7.2
Necromancy     | 1 2 3 4 5 6 7 |  7.2
Translocations | 1 2 3 4 5 6 7 |  7.2
Transmutations | 1 2 3 4 5 6 7 |  7.2
Fire Magic     | 1 2 3 4 5 6 7 |  7.2
Ice Magic      | 1 2 3 4 5 6 7 |  7.2
Air Magic      | 1 2 3 4 5 6 7 |  7.2
Earth Magic    | 1 2 3 4 5 6 7 |  7.2
Poison Magic   | 1 2 3 4 5 6 7 |  7.2
Dodging        | 3 4 5 6 7 8 9 |  9.0
Invocations    | 5 6 7 8 9 10 | 10.4
Axes           | 5 6 7 8 9 |  9.8
Armour         | 5 6 7 8 9 |  9.8
Fighting       | 7 8 9 10 | 10.7

Action                   |  1- 3 |  4- 6 |  7- 9 | 10-12 | 13-15 || total
-------------------------+-------+-------+-------+-------+-------++-------
Melee: Hand axe          |    95 |   191 |   133 |       |       ||   419
       Bite              |     7 |    15 |    64 |    63 |    21 ||   170
       Punch             |       |     1 |     8 |     2 |       ||    11
       Mace              |       |       |   199 |       |       ||   199
       Scimitar          |       |       |    10 |    57 |    21 ||    88
       Battleaxe         |       |       |       |   356 |   134 ||   490
Throw: Dart              |       |       |     6 |     6 |     1 ||    13
Invok: Depart the Abyss  |     1 |       |       |       |       ||     1
       Banish            |       |       |       |     2 |     1 ||     3
       Bend Space        |       |       |       |       |     1 ||     1
Evoke: Wand              |       |       |     3 |       |       ||     3
  Use: Potion            |     2 |       |     2 |     2 |     2 ||     8
       Scroll            |     5 |     1 |    13 |     8 |     6 ||    33
Armor: Ring mail         |    67 |    53 |    30 |       |       ||   150
       Leather armour    |     1 |       |       |       |       ||     1
       Chain mail        |       |       |   142 |   324 |   171 ||   637
Dodge: Dodged            |    84 |   107 |   254 |   332 |   241 ||  1018
       Rpst.: Scimitar   |       |       |       |    15 |     2 ||    17

Table legend: (Time is in decaauts)
 A = Elapsed time spent in this place.
 B = Non-inter-level travel time spent in this place.
 C = Inter-level travel time spent in this place.
 D = Time resting spent in this place.
 E = Time spent auto-exploring this place.
 F = Levels seen in this place.
 G = Mean time per level.
                   A        B        C        D        E       F      G
               +--------+--------+--------+--------+--------+-----+--------+
         Total |  19965 |  19535 |    430 |   4095 |  12228 |  16 | 1247.8 |
       Dungeon |  10672 |  10390 |    282 |    673 |   7768 |   9 | 1185.8 |
          Lair |   9233 |   9086 |    147 |   3422 |   4449 |   5 | 1846.6 |
         Abyss |     58 |     58 |      0 |      0 |     11 |   2 |   29.0 |
               +--------+--------+--------+--------+--------+-----+--------+

Top non-repeatable levels by time:
  Lair:4: 3495 daAuts
  Lair:3: 1986 daAuts
  Lair:2: 1928 daAuts
     D:1: 1707 daAuts
     D:4: 1645 daAuts
  Lair:1: 1475 daAuts
     D:8: 1313 daAuts
     D:6: 1259 daAuts
     D:9: 1253 daAuts
     D:5: 1114 daAuts
     D:3: 856 daAuts
     D:7: 839 daAuts
     D:2: 684 daAuts
  Lair:5: 348 daAuts
 Abyss:2: 47 daAuts
